[Event "FIDE U16 Olympiad_boards_1-80"]
[Site "Eindhoven, Netherlands"]
[Date "2023.08.14"]
[Round "3.49"]
[White "Assylov, Miras"]
[Black "Asllani, Dorian"]
[Result "1/2-1/2"]
[TimeControl "2700+10"]
[WhiteElo "2047"]
[BlackElo "2109"]

1. e4 c5 2. Nf3 Nc6 3. d4 cxd4 4. Nxd4 g6 5. c4 Bg7 6. Be3 Nf6 7. Nc3 O-O 8. Be2 d6 9. O-O Bd7 10.
h3 Nxd4 11. Bxd4 Bc6 12. Qc2 a5 13. Rad1 a4 14. c5 Qa5 15. cxd6 exd6 16. a3 Rfe8 17. Bf3 Re6 18. Rfe1 Rae8 19.
Re3 b5 20. Nd5 Nxd5 21. exd5 Rxe3 22. Bxe3 Bd7 23. Bd2 Qb6 24. Bb4 Rc8 25. Qe2 Bf5 26. g4 Rc2 27. Rd2 Rc1+ 28. Kg2 Bc8 29. Qe8+ Bf8 30. Re2 Qc7 31. Qxb5 Bd7 32. Qa6 Qb8 33. Qd3 Bb5 34. Qd2 Bxe2 35. Qxc1 Bxf3+ 36. Kxf3 Qb5 37. Qd2 Qf1 38. Kg3 Qg1+ 39.
Kf3 Qh1+ 40. Ke2 Qxh3 41. Qf4 Qb3 42.
Bxd6 Qxd5 43. Bxf8 Qb5+ 44. Kd1 Kxf8 45. Qd6+ Kg8 46. Qd8+ Kg7 47. Qd4+ Kg8 48. Qd8+ Kg7 49. Qd4+ Kg8 50. Kc2 Qb3+ 51. Kc1 Qb5 52.
Kb1 h5 53. gxh5 gxh5 54. Qf4 Qd3+ 55. Ka1 Qd1+ 56. Ka2 Qb3+ 57. Ka1 Qd1+ 58. Ka2 Qb3+ 59. Ka1 Qd1+ 1/2-1/2

[Event "FIDE U16 Olympiad_boards_1-80"]
[Site "Eindhoven, Netherlands"]
[Date "2023.08.14"]
[Round "3.50"]
[White "Mattenberger, Matthias"]
[Black "Mukhametkali, Merey"]
[Result "1-0"]
[TimeControl "2700+10"]
[WhiteElo "2276"]
[BlackElo "1792"]

1. d4 d5 2. c4 c6 3. Nc3 Nf6 4.
Nf3 e6 5. Bg5 dxc4 6. e4 b5 7. e5 h6 8. Bh4 g5 9. Nxg5 hxg5 10. Bxg5 Nbd7 11. g3 Bb7 12. Bg2 Qb6 13. exf6 c5 14.
dxc5 Bxc5 15. O-O O-O-O 16. Qe2 Bd4 17. a4 Bxg2 18. Kxg2 Qb7+ 19. f3 a6 20. axb5 axb5 21. Ra5 Bxc3 22.
bxc3 Nb8 23. Rb1 Rd5 24. Raxb5 Rxb5 25. Qxc4+ Qc6 26. Qxb5 Qxb5 27. Rxb5 Nc6 28. Bf4 Rg8 29. Rb6 Nd8 30. h4 Rg6 31. Be5 Rh6 32.
c4 Kd7 33. Rd6+ Ke8 34. c5 Rh5 35. f4 Nb7 36. Rc6 Nd8 37. Rc7 1-0

[Event "FIDE U16 Olympiad_boards_1-80"]
[Site "Eindhoven, Netherlands"]
[Date "2023.08.14"]
[Round "3.51"]
[White "Tleukhanov, Yerlan"]
[Black "Manko, Mariia"]
[Result "1-0"]
[TimeControl "2700+10"]
[WhiteElo "1901"]
[BlackElo "1912"]

1. e4 c5 2. Nf3 Nc6 3. Bb5 g6 4. Bxc6 dxc6 5. d3 Bg7 6. h3 b6 7. e5 Nh6 8. O-O O-O 9. Re1 Nf5 10.
a4 a5 11. Nbd2 Nd4 12. b3 Qd5 13. Bb2 f6 14. Bxd4 cxd4 15. exf6 exf6 16. Nc4 Rb8 17. Re7 Bd7 18. Qe2 Rfd8 19.
Nxb6 Qd6 20. Nxd7 Rxd7 21. Qe6+ Qxe6 22. Rxe6 Rc8 23. Nd2 Kf7 24. Rae1 Bf8 25. Nc4 Bb4 26. R1e2 Rdd8 27. f4 Re8 28.
Rxe8 Rxe8 29. Re4 Rd8 30. Kf2 h5 31.
Kf3 Rd5 32. g4 Bc3 33. Kg3 hxg4 34. hxg4 Bb4 35. Kh4 g5+ 36. fxg5 fxg5+ 37. Kh5 Rc5 38. Re5 Rxe5 39. Nxe5+ Kf6 40.
Nxc6 Bc3 41. Kh6 Bd2 42. Nxd4 Be3 43. Nf3 Bf4 44. c3 Be3 45. b4 axb4 46. cxb4 Bf4 47. a5 Bc7 48. a6 Bb6 49. Nxg5 Be3 50. Kh5 Bb6 51.
Ne4+ Ke5 52. g5 Kd4 53. g6 Kxd3 54. Nc5+ Kc4 55. g7 1-0

[Event "FIDE U16 Olympiad_boards_1-80"]
[Site "Eindhoven, Netherlands"]
[Date "2023.08.14"]
[Round "3.52"]
[White "Rappazzo, Johannes"]
[Black "Madi, Aidana"]
[Result "1-0"]
[TimeControl "2700+10"]
[WhiteElo "1776"]
[BlackElo "1499"]

1. e4 c6 2. Nc3 d5 3. Nf3 Bg4 4. h3 Bxf3 5. Qxf3 e6 6. g3 Nd7 7. d4 Bb4 8. Bg2 Qb6 9. Qd3 dxe4 10. Bxe4 Ngf6 11. Bg2 Rd8 12.
a3 Be7 13. O-O O-O 14. Be3 Nd5 15. Bd2 N7f6 16. Ne2 c5 17. c4 Nc7 18. Be3 cxd4 19. Bxd4 Bc5 20. Bxc5 Qxc5 21. Qc3 b6 22. b4 Qg5 23. Nd4 Rd7 24. Nc6 a6 25. Rad1 b5 26.
c5 Ncd5 27. Qe5 Qxe5 28. Nxe5 Rc7 29. Rd4 a5 30. Ng4 Nxg4 31. Bxd5 Ne5 32. Bg2 Nc4 33. Rfd1 Nxa3 34. bxa5 Rxc5 35.
a6 Nc4 36. a7 Nb6 37. Rd6 Nd5 38. Bxd5 exd5 39. R6xd5 Rcc8 40. Rxb5 Ra8 41. Rb7 g6 42. Rdd7 Kg7 43. Kg2 h5 44. Kf3 Kf6 45. Ke4 Rfe8+ 46. Kd5 Rf8 47. Kc6 Rac8+ 48. Rdc7 Rce8 49. Kb6 Re2 50. Rc6 Kg7 51. Rb8 Rb2+ 52. Kc7 Ra2 53. Rxf8 Kxf8 54. Kb7 Rb2+ 55. Rb6 1-0

[Event "FIDE U16 Olympiad_boards_1-80"]
[Site "Eindhoven, Netherlands"]
[Date "2023.08.14"]
[Round "3.53"]
[White "Huang, Youhe"]
[Black "Savicevs, Arsenijs"]
[Result "0-1"]
[TimeControl "2700+10"]
[WhiteElo "1849"]
[BlackElo "2136"]

1. e4 c5 2. Nc3 d6 3. Nf3 Nf6 4. e5 dxe5 5. Nxe5 Nbd7 6. d4 e6 7. Bf4 cxd4 8. Qxd4 Bc5 9. Qa4 O-O 10.
O-O-O Qe7 11. Nc4 Ng4 12. Ne4 Nxf2 13. Nxf2 Bxf2 14. Bd6 Qg5+ 15. Kb1 b5 16. Qa5 Qg4 17. Rd2 bxc4 18. h3 Qh4 19.
Re2 Bb6 20. Qc3 Rd8 21. g3 Qh5 22. Be7 Re8 23. g4 Qb5 24. Bg2 Ba5 25. a4 Bxc3 26. axb5 Rb8 27. Ba3 Rxb5 28. Ka2 Bb4 29.
Rd1 Bxa3 30. bxa3 Rb6 31. Red2 Nc5 32. Rd4 Ba6 33. Rd6 Kf8 34. Rxb6 axb6 35. Rd6 Rb8 36. Bc6 Ke7 37. Rd4 Rd8 38.
Rxd8 Kxd8 39. Kb2 f5 40. gxf5 exf5 41. Kc3 g5 42. Bf3 Ne4+ 43. Kd4 Nf2 44. Ke5 Bc8 45. Bg2 h5 46. Kf6 g4 47.
hxg4 hxg4 48. Kg5 Nh3+ 49. Kh4 f4 50. Bf1 f3 51. Kg3 Ng5 52. Kf4 Ne6+ 53. Kxg4 Nd4+ 54. Kg3 Nxc2 55. Bxc4 Nxa3 56.
Bd5 Kc7 57. Bxf3 Kd6 58. Kf4 Kc5 59. Ke3 Nc4+ 60. Ke2 b5 61. Ba8 b4 62. Kd1 Bf5 63. Bf3 b3 0-1

[Event "FIDE U16 Olympiad_boards_1-80"]
[Site "Eindhoven, Netherlands"]
[Date "2023.08.14"]
[Round "3.54"]
[White "Adamovics, Aleksejs"]
[Black "Liu, Henry"]
[Result "1/2-1/2"]
[TimeControl "2700+10"]
[WhiteElo "2000"]
[BlackElo "1816"]

1. c4 e5 2. Nc3 Nc6 3. g3 g6 4. Bg2 Bg7 5. e4 Nge7 6. Nge2 O-O 7. O-O d6 8. d3 f5 9. Be3 Be6 10.
Nd5 Qd7 11. Qd2 Rf7 12. Rab1 Raf8 13. b4 b6 14. b5 Na5 15. Nxe7+ Rxe7 16. exf5 Bxf5 17. Nc3 Bh3 18. Nd5 Ref7 19. f4 e4 20. dxe4 Nxc4 21. Qd3 Bxg2 22. Kxg2 Nxe3+ 23. Qxe3 c6 24.
bxc6 Qxc6 25. Qb3 Qc5 26. Rfd1 Kh8 27.
Rbc1 Qa5 28. Nc7 Qh5 29. Qf3 Qa5 30. Qb3 Qh5 31. Rd2 Re7 1/2-1/2

[Event "FIDE U16 Olympiad_boards_1-80"]
[Site "Eindhoven, Netherlands"]
[Date "2023.08.14"]
[Round "3.55"]
[White "Ajith, Aayush"]
[Black "Vingris, Mikelis"]
[Result "1/2-1/2"]
[TimeControl "2700+10"]
[WhiteElo "1756"]
[BlackElo "2031"]

1. d4 d5 2. c4 c6 3. Nc3 Nf6 4. Bg5 e6 5. e3 Nbd7 6. Nf3 Bd6 7. cxd5 cxd5 8. Bd3 O-O 9. O-O b6 10.
e4 dxe4 11. Bxe4 Rb8 12. Nb5 Be7 13. Nxa7 Nxe4 14. Nc6 Nxg5 15. Nxd8 Rxd8 16. Nxg5 Bxg5 17. Qg4 Be7 18. Rfd1 Nf6 19.
Qg3 Bd6 20. Qb3 Nd5 21. g3 Bd7 22. f4 Ra8 23. Rdc1 g6 24. a3 b5 25. Re1 Ra4 26. Red1 Bc7 27. Rd3 Bb6 28. Rad1 Rc8 29.
Kg2 Rcc4 30. R1d2 h5 31. Qd1 Rc7 32. Rc2 Rb7 33. Kf2 Rb8 34. Rcd2 Rc8 35. Qf3 Ba5 36. b4 Bb6 37. g4 hxg4 38.
Qxg4 Rc4 39. Qh4 Ra8 40. Rh3 Kg7 41. Qh6+ Kf6 42. Qg5+ 1/2-1/2

[Event "FIDE U16 Olympiad_boards_1-80"]
[Site "Eindhoven, Netherlands"]
[Date "2023.08.14"]
[Round "3.56"]
[White "Ter-Avetisjana, Agnesa Stepania"]
[Black "Gao, Lucy"]
[Result "1-0"]
[TimeControl "2700+10"]
[WhiteElo "1889"]
[BlackElo "1618"]

1. e4 c5 2. Nf3 g6 3. c3 Bg7 4. d4 cxd4 5. cxd4 d5 6.
e5 Nc6 7. Nc3 Nh6 8. Bxh6 Bxh6 9. Qb3 O-O 10. Be2 e6 11. O-O f6 12. exf6 Qxf6 13. Rad1 b6 14. Bb5 Ne7 15. Ne2 a6 16.
Bd3 b5 17. Ne5 Nf5 18. Bxf5 gxf5 19. f4 Kh8 20. Rc1 Rg8 21. Rc7 Rg7 22. Rfc1 Bb7 23. Qh3 Rag8 24. g3 Ba8 25. Qh5 Rf8 26.
Nd7 Rxd7 27. Rxd7 Qg6 28. Qxg6 hxg6 29. Rcc7 Re8 30. Rh7+ Kg8 31. Rxh6 a5 32. Rxg6+ Kh8 33. Nc3 b4 34. Nb5 Rf8 35. Nd6 a4 36.
h4 b3 37. axb3 axb3 38. h5 e5 39.
Nf7+ Rxf7 40. Rxf7 exd4 41. Rd6 Kg8 42. Ra7 Bc6 43. Rd8+ Be8 44. Rxe8# 1-0

[Event "FIDE U16 Olympiad_boards_1-80"]
[Site "Eindhoven, Netherlands"]
[Date "2023.08.14"]
[Round "3.57"]
[White "Manon, Reja Neer"]
[Black "Caceres Benitez, Arturo Eduardo"]
[Result "0-1"]
[TimeControl "2700+10"]
[WhiteElo "2092"]
[BlackElo "2153"]

1. e4 c5 2. Nf3 Nc6 3. Bb5 g6 4. O-O Bg7 5. c3 e5 6. d3 Nge7 7. Be3 d6 8. d4 exd4 9. cxd4 O-O 10.
Nc3 cxd4 11. Nxd4 d5 12. Bxc6 bxc6 13. exd5 cxd5 14. Qd2 Re8 15. Rfe1 Be6 16. Rac1 Qd7 17. Ncb5 Rec8 18. Bf4 Rxc1 19.
Rxc1 Rc8 20. Rxc8+ Nxc8 21. h3 a6 22. Nc7 Nd6 23. Ncxe6 fxe6 24. Qe3 e5 25. Qb3 Ne8 26. Bxe5 Bxe5 27. Nf3 Bg7 28. Qb6 Qd6 29. Qb7 Qe6 30. Qb3 Bf6 31. g4 h6 32. Kg2 Kh7 33. a4 Bg7 34.
Qb7 Nf6 35. b4 Nxg4 36. b5 Qe4 37. bxa6 Ne5 38. Qb3 Nxf3 0-1

[Event "FIDE U16 Olympiad_boards_1-80"]
[Site "Eindhoven, Netherlands"]
[Date "2023.08.14"]
[Round "3.58"]
[White "Jodorcovsky, Alejandro David"]
[Black "Md. Sajidul, Haque"]
[Result "0-1"]
[TimeControl "2700+10"]
[WhiteElo "1633"]
[BlackElo "1993"]

1. e4 c6 2. d4 d5 3. exd5 cxd5 4. Bd3 Nc6 5. c3 Nf6 6. h3 e5 7. dxe5 Nxe5 8. Nf3 Nxd3+ 9. Qxd3 Bd6 10.
O-O O-O 11. Be3 Re8 12. Nbd2 Bd7 13. Rad1 Qa5 14. Qb1 Rad8 15. Nd4 Qa6 16. Bg5 Bc7 17. N2f3 h6 18. Be3 Ne4 19. Rfe1 Qg6 20.
Kf1 f5 21. Qc1 Qa6+ 22. Kg1 Qxa2 23. Nc2 Ba4 24. Nb4 Qb3 25. Nd4 Qc4 26. Nxf5 Bxd1 27. Rxd1 Qe2 28. Nxd5 Re5 29. Nde7+ Kf7 30.
Re1 Qh5 31. Bf4 Rxf5 32. Bxc7 Rd2 33. Nxf5 Qxf5 34. f3 Qc5+ 35. Kh1 Nf2+ 36. Kg1 Nd3+ 0-1

[Event "FIDE U16 Olympiad_boards_1-80"]
[Site "Eindhoven, Netherlands"]
[Date "2023.08.14"]
[Round "3.59"]
[White "Sakline Mostafa, Sajid"]
[Black "Caceres Benitez, Fernando Israel"]
[Result "1-0"]
[TimeControl "2700+10"]
[WhiteElo "2087"]
[BlackElo "1772"]

1. d4 Nf6 2. c4 e6 3. Nf3 d5 4. g3 Bb4+ 5. Bd2 Be7 6. Bg2 O-O 7. O-O Nbd7 8. Qc2 c6 9. Bf4 b6 10.
Nbd2 Bb7 11. Rfd1 Nh5 12. Be3 f5 13. Nf1 f4 14. Bc1 Bd6 15. e4 fxg3 16. hxg3 Rc8 17. Ng5 e5 18. exd5 g6 19.
Ne6 Qf6 20. Nxf8 Bxf8 21. dxc6 Bxc6 22. d5 Bb7 23. Be3 b5 24. b3 Ng7 25. Nd2 a5 26. Ne4 Qe7 27. c5 Nf5 28. c6 Ba8 29.
Bg5 1-0

[Event "FIDE U16 Olympiad_boards_1-80"]
[Site "Eindhoven, Netherlands"]
[Date "2023.08.14"]
[Round "3.60"]
[White "Mayeregger Gonzalez, Renata"]
[Black "Wadifa, Ahmed"]
[Result "0-1"]
[TimeControl "2700+10"]
[WhiteElo "1407"]
[BlackElo "1850"]

1. e4 c5 2. Nc3 e6 3. g3 d5 4.
exd5 exd5 5. d4 cxd4 6. Qxd4 Nf6 7. Bg2 Nc6 8. Qd3 Be6 9. a3 Be7 10. Nge2 Qd7 11. Bf4 a6 12. O-O-O Rd8 13.
h3 O-O 14. Bg5 Qc7 15. Bxf6 Bxf6 16. Nf4 Bg5 17. Nce2 Ne5 18. Qd4 Nc4 19. c3 Bf6 20. Nxe6 fxe6 21. Qg4 Qb6 22. b4 Nxa3 23. Nf4 Bxc3 24.
Rhf1 Qxb4 25. Qxe6+ Kh8 0-1

[Event "FIDE U16 Olympiad_boards_1-80"]
[Site "Eindhoven, Netherlands"]
[Date "2023.08.14"]
[Round "3.61"]
[White "Smeets, Kobe"]
[Black "Laamim, Roaa"]
[Result "1-0"]
[TimeControl "2700+10"]
[WhiteElo "2193"]
[BlackElo "1626"]

1. e4 e5 2. Nf3 Nc6 3. Bb5 a6 4. Ba4 Nf6 5. O-O b5 6. Bb3 d6 7. a4 Bb7 8. Re1 Be7 9. d3 O-O 10. Nbd2 Nd7 11. c3 Nc5 12.
axb5 axb5 13. Rxa8 Qxa8 14. Bc2 b4 15. d4 Nd7 16. Nf1 bxc3 17. bxc3 Bf6 18. Ng3 Qa7 19. Be3 Nb6 20. d5 Na5 21. Nd2 Qa6 22. Nh5 Nd7 23.
Qg4 Bc8 24. Nxg7 Kh8 25. Nf5 Qb5 26. Rb1 Qa6 27. Qh5 Nc5 28. Bh6 Bxf5 29. Bxf8 Bg6 30. Qf3 Bg5 31. Nf1 Qc8 32. h4 Bxh4 33.
Bh6 Nc4 34. Qh3 Qxh3 35. Rb8+ 1-0

[Event "FIDE U16 Olympiad_boards_1-80"]
[Site "Eindhoven, Netherlands"]
[Date "2023.08.14"]
[Round "3.62"]
[White "Najimi, Mohamed Khalil"]
[Black "Labruyere, Roger"]
[Result "1-0"]
[TimeControl "2700+10"]
[WhiteElo "1812"]
[BlackElo "2181"]

1. e4 c6 2. d4 d5 3. f3 g6 4. c3 Bg7 5. Be3 dxe4 6. fxe4 Nf6 7. Nd2 Ng4 8. Qf3 Nxe3 9. Qxe3 Bxd4 10.
Qxd4 O-O 11. Qxd8 Rxd8 12. Bc4 Nd7 13. Ngf3 e6 14. b4 a5 15. O-O b5 16. Be2 Nb6 17. Nb3 axb4 18. cxb4 Bd7 19.
Rfd1 Kf8 20. Nc5 Ke7 21. Ne5 Be8 22. Rxd8 Rxd8 23. Rd1 Ra8 24. Rd2 f6 25. Nf3 e5 26. Kf2 Bf7 27. Nb3 Ra4 28.
Na5 Be8 29. Rb2 Ra3 30. Rc2 Kd6 31. Nd2 g5 32. Nb1 Ra4 33. a3 Nc4 34. Bxc4 bxc4 35. Rxc4 Kc7 36. Nc3 Bf7 37. Rxc6+ 1-0

[Event "FIDE U16 Olympiad_boards_1-80"]
[Site "Eindhoven, Netherlands"]
[Date "2023.08.14"]
[Round "3.63"]
[White "Arnold, Rhys"]
[Black "Moayad, Anas"]
[Result "1-0"]
[TimeControl "2700+10"]
[WhiteElo "1803"]
[BlackElo "1757"]

1. e4 c5 2. Nf3 d6 3. Bb5+ Nd7 4. c4 g6 5. Nc3 Bg7 6.
d3 a6 7.
Ba4 e6 8. O-O Ne7 9. Be3 O-O 10. Qd2 b6 11. d4 Qc7 12. d5 e5 13. Bh6 Nf6 14. h3 Nh5 15. Bxg7 Kxg7 16. Ne2 h6 17. Ne1 g5 18. Nd3 Ng6 19.
Rab1 a5 20. Bc2 Qe7 21. Ng3 Nhf4 22. Nxf4 gxf4 23. Nf5+ Bxf5 24. exf5 Nh4 25. Qd3 Qg5 26. g3 Kf6 27. Kh2 Nxf5 28. h4 Qg4 29. Bd1 f3 30. Bxf3 Qd4 31.
Qc2 Nxh4 32. Be4 Nf3+ 33. Bxf3 e4 34. Qxe4 Qxe4 35. Bxe4 Rae8 36. f3 Kg5 37. f4+ Kh5 38. Rbe1 f5 39.
Bf3+ Kg6 40. Kg2 Kf6 41. Kf2 Rd8 42.
Re6+ Kg7 43. Rh1 Rh8 44. Rh5 a4 45. Rxf5 b5 46. cxb5 Rb8 47.
Be2 Rhc8 48. Rxd6 c4 49. Rc6 Rxc6 50. bxc6 Rxb2 51. c7 1-0

[Event "FIDE U16 Olympiad_boards_1-80"]
[Site "Eindhoven, Netherlands"]
[Date "2023.08.14"]
[Round "3.64"]
[White "Elharrak, Ahmed"]
[Black "Gergin, Isafara"]
[Result "1-0"]
[TimeControl "2700+10"]
[WhiteElo "1764"]
[BlackElo "1751"]

1. d4 Nf6 2. c4 g6 3. Nc3 Bg7 4. Nf3 O-O 5. g3 d6 6. Bg2 Nbd7 7. O-O e5 8. d5 a5 9. Re1 Nc5 10.
Nd2 Nfd7 11. e4 f5 12. Nb3 Qf6 13. f3 a4 14. Nxc5 Nxc5 15. Be3 Bd7 16. Qd2 b6 17. Rad1 Qf7 18.
Rf1 Qe7 19. Bg5 Bf6 20. Bxf6 Qxf6 21. Rfe1 f4 22. g4 Kg7 23. Qf2 Rh8 24. h4 h5 25. g5 Qd8 26. Kf1 Rf8 27. Ke2 Qb8 28. Kf1 b5 29. cxb5 Bxb5+ 30. Nxb5 Qxb5+ 31. Kg1 Rfb8 32. Re2 Nd3 33. Qf1 Nxb2 34.
Rb1 a3 35. Rc2 Qxf1+ 36. Bxf1 Rb7 37. Rbc1 Raa7 38. Rc3 Kf8 39. Bh3 Ke7 40. Bc8 Rb8 41. Be6 Rbb7 42. Kh1 Ke8 43. Bc8 Rb8 44. Be6 Rbb7 45. Bh3 Ke7 46.
Kg1 Ke8 47. Kf1 Ke7 48. Ke2 Ke8 49. R1c2 Ke7 50. Kd2 Ke8 51. Be6 Ke7 52. Bg8 Kf8 53. Be6 Ke7 54. Bh3 Ke8 55. Kc1 Ke7 56. Kd2 Ke8 57. Bf1 Ke7 58.
Bh3 Ke8 59. Bf1 Ke7 60. Ke1 Ke8 61.
Bh3 Ke7 62. Kd2 Ke8 63. Bc8 Rb8 64. Bh3 Rbb7 65. Be6 Ke7 66. Kc1 Ke8 67. Bc8 Rb8 68. Bh3 Rbb7 69. Bf1 Ke7 70. Bh3 Ke8 71. Bf1 Ke7 72. Rc6 Na4 73. Ba6 Rb6 74. Rxc7+ Rxc7 75. Rxc7+ Kd8 76. Rc8+ Kd7 77. Ra8 Nc5 78. Bc8+ Kd8 79. Bf5+ Ke7 80. Bxg6 Nd3+ 81. Kd2 Nb2 82. Bxh5 Nc4+ 83.
Kc3 Ne3 84. g6 Kf6 85. Ra7 Rb8 86. Rf7# 1-0

[Event "FIDE U16 Olympiad_boards_1-80"]
[Site "Eindhoven, Netherlands"]
[Date "2023.08.14"]
[Round "3.65"]
[White "Song, Ethan"]
[Black "Grgantov, Marin"]
[Result "1-0"]
[TimeControl "2700+10"]
[WhiteElo "2025"]
[BlackElo "2192"]

1. e4 e5 2. Nf3 Nc6 3. Bb5 a6 4. Ba4 Nf6 5. d3 b5 6. Bb3 Bd6 7. a4 Bb7 8. O-O O-O 9. c3 h6 10. Nh4 Re8 11. Nf5 Bf8 12.
Qf3 Na5 13. Bc2 d5 14. b4 dxe4 15. Qg3 Qd7 16. Nxh6+ Kh7 17. Nxf7 Qxf7 18. bxa5 exd3 19. Bxd3+ e4 20. Be2 b4 21.
Qh4+ Kg8 22. Bg5 Re5 23. cxb4 Bxb4 24. Na3 Bd5 25. Nc2 Bxa5 26. Bf4 Ree8 27. Ne3 Be6 28. Be5 Bb3 29. Qg3 Be6 30.
Rac1 Re7 31. Rc6 Bb6 32. Bxf6 Qxf6 33. Nd5 Bxf2+ 34. Rxf2 Qa1+ 35. Rf1 Qd4+ 36. Ne3 Qxa4 37. Rxe6 Rxe6 38. Bc4 Rae8 39. Bxe6+ Rxe6 40. Qxc7 Kh7 41. Qf4 Qd4 42. Qf5+ Rg6 43. Re1 Qc3 44. Qh5+ Rh6 45. Qe2 a5 46.
Kh1 Re6 47. Rd1 Re5 48. Nc4 Rg5 49. Qxe4+ g6 50. Qh4+ Rh5 51. Rd7+ Kh6 52. Qf4+ Rg5 53. h4 Qe1+ 54. Kh2 1-0

[Event "FIDE U16 Olympiad_boards_1-80"]
[Site "Eindhoven, Netherlands"]
[Date "2023.08.14"]
[Round "3.66"]
[White "Colev, Ivor"]
[Black "He, Matthew"]
[Result "1-0"]
[TimeControl "2700+10"]
[WhiteElo "1895"]
[BlackElo "1839"]

1. e4 c6 2. Nc3 d5 3. Nf3 dxe4 4. Nxe4 Nf6 5. Qe2 Nxe4 6. Qxe4 Nd7 7. Bc4 Nf6 8. Qe2 Bf5 9. Ne5 e6 10.
d3 Bd6 11. Bd2 Qc7 12. Nf3 b5 13. Bb3 O-O 14. h3 a5 15. a4 e5 16. g4 Bg6 17. Nh4 e4 18. d4 Qb6 19. Nxg6 hxg6 20.
Be3 bxa4 21. Rxa4 Bb4+ 22. Kf1 Qb5 23. c4 Qb6 24. Bc2 Rfe8 25. h4 c5 26. d5 Qd6 27. Bd1 Qe5 28. Kg2 Nd7 29.
Ra1 f5 30. gxf5 gxf5 31. Ba4 Ra7 32. Qh5 Nf6 33. Qg5 Rf8 34. h5 Ng4 35. Rag1 Nxe3+ 36. fxe3 Qxb2+ 37. Kh3 Qf6 38. Qf4 Kh7 39. Rg6 Qc3 40.
Rhg1 Rf6 41. Qg5 Rff7 42. h6 gxh6 43. Rxh6# 1-0

[Event "FIDE U16 Olympiad_boards_1-80"]
[Site "Eindhoven, Netherlands"]
[Date "2023.08.14"]
[Round "3.67"]
[White "Su, Ethan"]
[Black "Sundac, Ivano"]
[Result "1/2-1/2"]
[TimeControl "2700+10"]
[WhiteElo "1778"]
[BlackElo "1877"]

1. d4 Nf6 2. c4 e6 3. g3 d5 4. Bg2 Be7 5. Nf3 O-O 6. Nc3 dxc4 7. Ne5 Nc6 8. Bxc6 bxc6 9. Nxc6 Qe8 10.
Nxe7+ Qxe7 11. Qa4 Bb7 12. f3 e5 13.
dxe5 Nd7 14. Bf4 Rfd8 15. O-O g5 16. Be3 Nxe5 17. Bf2 Qf6 18. Be3 Qe7 19. Nd1 g4 20. f4 Ng6 21. Qxc4 Bd5 22.
Qc2 h5 23. Bc5 Qe8 24. Nc3 Bb7 25.
e4 Qc6 26. b4 h4 27. Rad1 Qe8 28. Nd5 Bxd5 29. exd5 h3 30. Rfe1 Qb5 31. Qd3 Qa4 32. a3 Re8 33. Bd4 a5 34.
Bb2 Rxe1+ 35. Rxe1 Re8 36. Rxe8+ Qxe8 37. Kf2 axb4 38. axb4 Qe7 39. Qd4 f5 40.
Bc3 Kf8 41. Qf6+ Qxf6 42. Bxf6 Ke8 43. Ke3 Kd7 44. Kd4 Nxf4 45. Ke5 Nd3+ 46. Kxf5 Nxb4 47. Kxg4 Nxd5 48. Bd4 Ke6 49. Kxh3 Kf5 50. Bc5 Nf6 51. Kg2 c6 52. h3 Nd7 53.
Ba3 c5 54. g4+ Kg5 55. Kg3 Nf6 56.
h4+ Kg6 57. h5+ Nxh5+ 58. gxh5+ Kxh5 59. Bxc5 1/2-1/2

[Event "FIDE U16 Olympiad_boards_1-80"]
[Site "Eindhoven, Netherlands"]
[Date "2023.08.14"]
[Round "3.68"]
[White "Begic, Klara"]
[Black "Mok, Gillian Xi-Lin"]
[Result "1-0"]
[TimeControl "2700+10"]
[WhiteElo "1812"]
[BlackElo "1314"]

1. d4 Nf6 2. Nf3 g6 3. g3 Bg7 4. Bg2 d5 5. O-O O-O 6. b3 Bd7 7. Bb2 c6 8. Nbd2 Qc8 9. Re1 Bh3 10.
Bh1 h6 11. c4 Qf5 12. Nh4 Qd7 13. Nhf3 g5 14. Ne5 Qf5 15. cxd5 cxd5 16. e4 dxe4 17. Nxe4 Nc6 18. Nxf6+ Bxf6 19.
Nxc6 bxc6 20. Bxc6 Rac8 21. Be4 Qd7 22. Qd2 Bg7 23. Rac1 f5 24. Rxc8 Rxc8 25. Bh1 Rd8 26. d5 Bxb2 27.
Qxb2 Kf7 28. Re6 Qb5 29. Re1 Qd7 30. Qe5 Qd6 31. Qe2 Bg4 32. Qc4 Qd7 33. d6+ e6 34. Qc7 Bh5 35. Rc1 Ke8 36.
Bc6 Bf3 37. Bxd7+ Rxd7 38. Qc8+ Rd8 39. Qxe6+ Kf8 40. Rc7 Rd7 41. Qxd7 Bh5 42. Qe7+ Kg8 43. Qg7# 1-0

[Event "FIDE U16 Olympiad_boards_1-80"]
[Site "Eindhoven, Netherlands"]
[Date "2023.08.14"]
[Round "3.69"]
[White "Simpson, Michael"]
[Black "Sadekov, Maksim"]
[Result "1-0"]
[TimeControl "2700+10"]
[WhiteElo "1909"]
[BlackElo "2107"]

1. d4 e6 2. c4 f5 3. g3 Nf6 4. Bg2 c6 5. Nf3 d5 6. Bf4 Bd6 7. Bxd6 Qxd6 8. O-O Nbd7 9. Qc2 Ne4 10.
Nc3 O-O 11. Rad1 b6 12. Rfe1 Ba6 13. cxd5 exd5 14. e3 Bb7 15. Ne2 Rf6 16. Nf4 g5 17. Nd3 Raf8 18. Nfe5 Re6 19. Qa4 a5 20.
Rc1 Nef6 21. Bh3 g4 22. Bg2 h5 23. Nf4 Rxe5 24. dxe5 Nxe5 25. Qb3 b5 26. Qc3 a4 27. Red1 Rf7 28.
Qc2 Bc8 29. Nxd5 Nxd5 30. Bxd5 cxd5 31. Qxc8+ Kg7 32. Qc5 Nf3+ 33. Kg2 Qf6 34. Qc3 d4 35. exd4 Re7 36. d5 Re5 37. d6 h4 38. d7 h3+ 39.
Kh1 b4 40. Qc7 Re7 41. d8=Q 1-0

[Event "FIDE U16 Olympiad_boards_1-80"]
[Site "Eindhoven, Netherlands"]
[Date "2023.08.14"]
[Round "3.70"]
[White "Pedmanson, Albert"]
[Black "Soojay, Jorah"]
[Result "1-0"]
[TimeControl "2700+10"]
[WhiteElo "1882"]
[BlackElo "1566"]

1. d4 Nf6 2. Nf3 d5 3. Bf4 e6 4. e3 Bd6 5. Bg3 c5 6. c3 Nc6 7. Bd3 O-O 8. Nbd2 Re8 9. Ne5 Bxe5 10.
dxe5 Nd7 11. f4 c4 12. Bc2 Qb6 13. O-O Qxb2 14. Nf3 f5 15. Ng5 Nf8 16. Qd2 Rb8 17. Bf2 Qa3 18. g4 fxg4 19.
e4 Qa5 20. f5 h6 21. f6 Nxe5 22. f7+ Nxf7 23. Nxf7 Re7 24. Ne5 dxe4 25. Qf4 Ra8 26. Qxf8+ Kxf8 27. Bb6+ Kg8 28. Bxa5 b6 29. Bb4 Rc7 30.
Rf8+ Kh7 31. Bxe4+ g6 32. Bxa8 1-0

[Event "FIDE U16 Olympiad_boards_1-80"]
[Site "Eindhoven, Netherlands"]
[Date "2023.08.14"]
[Round "3.71"]
[White "Boshoma, Chisomo"]
[Black "Mikko, Rondo"]
[Result "0-1"]
[TimeControl "2700+10"]
[WhiteElo "1668"]
[BlackElo "2169"]

1. e4 e5 2. Nf3 Nc6 3. Bb5 a6 4.
Ba4 d6 5. c3 Bd7 6. O-O g6 7. d4 Bg7 8. d5 Nce7 9. Bc2 h6 10. c4 Nf6 11. Nc3 O-O 12. h3 g5 13. Nh2 Ng6 14.
Be3 Nf4 15. Bd3 c5 16. Be2 b5 17. Bxf4 exf4 18. Qd3 Re8 19. Bf3 Qa5 20. a3 bxc4 21. Qxc4 Bb5 22. Nxb5 Qxb5 23. Qxb5 axb5 24.
Rfe1 Nd7 25. Rab1 c4 26. Ng4 Nc5 27. Re2 Na4 28. e5 dxe5 29. d6 Rad8 30. Bc6 Re6 31. Bxb5 Nb6 32. d7 f5 33. Nh2 e4 34. a4 Kf8 35.
Rc1 Rd6 36. a5 Nxd7 37. Rxc4 Ne5 38. Rcc2 Rd5 39. Bc4 Rxa5 40. b4 Ra1+ 41. Nf1 Rdd1 42. Red2 Rxd2 43. Rxd2 Nxc4 44. Rd8+ Ke7 45. Rc8 Nd2 46. Rc7+ Kf6 47. b5 Nxf1 48. b6 Ng3+ 49. Kh2 Rh1# 0-1

[Event "FIDE U16 Olympiad_boards_1-80"]
[Site "Eindhoven, Netherlands"]
[Date "2023.08.14"]
[Round "3.72"]
[White "Pool, Linda Maria"]
[Black "Yan, Weilun"]
[Result "0-1"]
[TimeControl "2700+10"]
[WhiteElo "1428"]
[BlackElo "1390"]

1. d4 d5 2. Nf3 Nf6 3. e3 c5 4. Bd3 Nc6 5. b3 cxd4 6. exd4 Bg4 7. Bb2 Qa5+ 8. Nbd2 Nb4 9. Be2 Bxf3 10.
Bxf3 Qc7 11. a3 Nxc2+ 12. Kf1 Nxa1 13. Bxa1 Rc8 14. g3 Qc1 15. Kg2 Qxd1 16. Rxd1 e6 17. b4 Bd6 18. Nb3 b6 19.
Bb2 Rc2 0-1

[Event "FIDE U16 Olympiad_boards_1-80"]
[Site "Eindhoven, Netherlands"]
[Date "2023.08.14"]
[Round "3.73"]
[White "Hobson, Kenneth"]
[Black "Pusara, Mihailo"]
[Result "1-0"]
[TimeControl "2700+10"]
[WhiteElo "1851"]
[BlackElo "1873"]

1. e4 e5 2. Nf3 Nf6 3. Nxe5 d6 4.
Nc4 Nxe4 5. Qe2 Qe7 6. Ne3 Be6 7. c4 Nc6 8. Nc3 Nxc3 9. dxc3 O-O-O 10. Bd2 f5 11. O-O-O Ne5 12. f4 Nd7 13.
g3 g6 14. Bg2 Nb6 15. Rhe1 Qf7 16. b3 Bg7 17. Qd3 Rhe8 18. Nd5 Bxd5 19. cxd5 Nd7 20. Be3 Kb8 21. Kc2 Re7 22. Re2 Rde8 23.
Rde1 Nc5 24. Bxc5 Rxe2+ 25. Rxe2 Rxe2+ 26. Qxe2 dxc5 27. Qe3 b6 28. Qf3 Qe7 29. d6 cxd6 30. Qa8+ Kc7 31. Qxa7+ Kd8 32. Qxb6+ Qc7 33. Qa6 Ke8 34.
Bd5 Qe7 35. Qb5+ Kd8 36. Qb8+ Kd7 37. Qb7+ Kd8 38. Qa8+ Kc7 39. Qa6 Qf6 40. Qd3 Qe7 41. Kd2 Kb6 42. a4 Qe8 43. Bf3 Qd7 44.
Qd5 h6 45. Qa8 Qc7 46. a5+ Kb5 47. Be2+ c4 48. Bxc4+ Kc5 49. Qd5# 1-0